 Dungeon Crawl Stone Soup version 0.30-a0-883-g5ad918d77d (webtiles) character file.

Game seed: 17566434861816565880

79 retardedninja the Covered (level 4, -2/35 HPs)
             Began as a Human Fighter on Mar 16, 2023.
             Killed by divine providence
             ... invoked by an orc priest
              (14 damage)
             ... on level 3 of the Dungeon.
             The game lasted 00:02:21 (2035 turns).

retardedninja the Covered (Human Fighter)           Turns: 2035, Time: 00:02:21

Health: -2/35      AC: 14    Str: 18    XL:     4   Next: 64%
Magic:  4/4        EV:  5    Int:  9    God:
Gold:   100        SH:  4    Dex: 12    Spells: 3/3 levels left

rFire   . . .      SeeInvis .    a - +0 war axe
rCold   . . .      Faith    .    c - +0 buckler
rNeg    . . .      Spirit   .    s - +3 plate armour
rPois   .          Reflect  .    (no helmet)
rElec   .          Rampage  .    (no cloak)
rCorr   .                        (no gloves)
Will    .....                    (no boots) Stlth
                                 (no amulet)
HPRegen 0.25/turn                (no ring)
MPRegen 0.09/turn                (no ring)

@: no status effects
A: no striking features
a: no special abilities


You were on level 3 of the Dungeon.
You visited 1 branch of the dungeon, and saw 3 of its levels.

You collected 100 gold pieces.

Inventory:

Hand Weapons
 a - a +0 war axe (weapon)
Armour
 c - a +0 buckler (worn)
 s - a +3 plate armour (worn)
Jewellery
 h - a ring of magical power
Scrolls
 j - 3 scrolls of immolation
 l - a scroll of silence {unknown}
 n - a scroll of blinking {unknown}
 o - a scroll of teleportation
 r - a scroll of poison {unknown}
 t - a scroll of butterflies {unknown}
Potions
 b - a potion of haste {unknown}
 d - 2 potions of might
 e - a potion of attraction {unknown}
 g - a potion of heal wounds
 k - 2 potions of invisibility
 m - a potion of lignification {unknown}
 p - 2 potions of flight
 q - a potion of curing {unknown}


   Skills:
 + Level 3.5 Fighting
 * Level 3.0 Axes
 + Level 3.5 Armour
 + Level 3.5 Shields


You had 3 spell levels left.
You didn't know any spells.
Your spell library contained the following spells:

 Spells                   Type           Power      Damage    Failure   Level
 Lesser Beckoning         Tloc           0%         N/A       100%        2
 Gell's Gravitas          Tloc           0%         N/A       100%        3
 Teleport Other           Tloc           0%         N/A       100%        3
 Blade Hands              Tmut           0%         N/A       100%        5
 Irradiate                Conj/Tmut      0%         3d11      100%        5
 Dragon Form              Tmut           0%         N/A       100%        7


Dungeon Overview and Level Annotations

Branches:
Dungeon (3/15)

Altars:

Shops:
D:2 [=[*


Message History

The orc priest shouts!
An orc priest is nearby!
An orc and an orc priest come into view.
The orc shouts!
The orc priest shouts!
You hear a shout!
There are monsters nearby!
An orc comes into view. It is wielding a +0 flail.
Found a scroll labelled SUEDO PYOSM.
The orc shouts!
There are monsters nearby!
An orc comes into view. It is wielding a +0 club.
The orc shouts!
The orc priest hits you with a +0 whip.
There are monsters nearby!
You slash the orc priest!
The orc priest is severely wounded.
The orc priest hits you with a +0 whip.
An orc comes into view. It is wielding a +0 trident.
You hit the orc priest but do no damage.
The orc priest is severely wounded.
You hit the orc priest.
The orc priest hits you but does no damage.
The orc priest calls upon Beogh to heal the orc priest.
The orc priest's wounds heal themselves!
The orc priest calls down the wrath of Beogh upon you.
Beogh smites you!
You are too injured to fight recklessly!
Unknown command.
You are too injured to fight recklessly!
Unknown command.
You are too injured to fight recklessly!
You are too injured to fight recklessly!
The orc priest attacks as you move away!
The orc priest hits you but does no damage.
The orc hits you with a +0 flail.
The orc priest hits you but does no damage.
The orc attacks as you move away! The orc hits you with a +0 flail.
The orc attacks as you move away! You block the orc's attack.
The orc priest invokes the aid of Beogh against you.
Beogh smites you!
You die...

.. #.. .# #..#
###o##....
#.o....#..
#.o...#..#
#......>.#
#ooo...#.#
###..####
######### ##..@##
##.......####..###
...#####......##
####...#.###### .#
#.8.#.#
.###...#####
.†.[........
........⌠...
............


You could see 2 orc priests and 4 orcs.

Vanquished Creatures
  A gnoll (D:1)
  2 adders (D:2)
  A worm (D:2)
  2 dart slugs
  3 bats
  4 endoplasms
  4 giant cockroaches
  5 goblins
  6 hobgoblins
  A quokka (D:2)
  4 ball pythons
  3 frilled lizards
  5 kobolds
  2 rats
43 creatures vanquished.

Notes
Turn   | Place    | Note
-------+----------+-------------------------------------------
     0 | D:1      | retardedninja the Human Fighter began the quest for the
                  | Orb.
     0 | D:1      | Reached XP level 1. HP: 18/18 MP: 1/1
    68 | D:1      | Reached XP level 2. HP: 24/24 MP: 2/2
   126 | D:1      | Reached XP level 3. HP: 28/29 MP: 3/3
   791 | D:1      | Found a faded altar of an unknown god.
   976 | D:2      | Found Goocis's General Store.
  1188 | D:2      | Reached XP level 4. HP: 30/35 MP: 4/4
  1246 | D:2      | Found Ufroc's Armour Shop.
  1662 | D:2      | Found Qusch's Armour Boutique.
  1853 | D:2      | Found Sipaddilu's Jewellery Boutique.
  2035 | D:3      | Killed from afar by an orc priest

Illustrated notes

Levels and vault maps discovered:
D:1:      lightli_arrival_statuegarden, layout_basic,
          ebering_ecumenical_altar_box, nicolae_figureground_sparkle
D:2:      layout_loops_ring, serial_shops, nicolae_shop_behind_doors, shop,
          nicolae_shop_stone, nicolae_shop_advertising_works
          [nicolae_subvault_shop_adworks], kennysheep_generic_room_16
D:3:      layout_rooms, nicolae_elevator_lobby_asterisk

Skill      XL: |  1  2  3  4 |
---------------+-------------+-----
Axes           | 3 |  3.0
Fighting       | |  3.5
Armour         | |  3.5
Shields        | |  3.5

Action                     |  1- 3 |  4- 6 || total
---------------------------+-------+-------++-------
  Melee: War axe           |    86 |    60 ||   146
    Use: Scroll            |       |     8 ||     8
 Armour: Scale mail        |    48 |    15 ||    63
         Plate armour      |       |    33 ||    33
  Dodge: Dodged            |    44 |    28 ||    72
  Block: Buckler           |    13 |    15 ||    28

Table legend: (Time is in decaauts)
 A = Elapsed time spent in this place.
 B = Non-inter-level travel time spent in this place.
 C = Inter-level travel time spent in this place.
 D = Time resting spent in this place.
 E = Time spent auto-exploring this place.
 F = Levels seen in this place.
 G = Mean time per level.
                   A        B        C        D        E       F      G
               +--------+--------+--------+--------+--------+-----+--------+
         Total |   2093 |   2040 |     53 |    535 |   1114 |   3 |  697.7 |
       Dungeon |   2093 |   2040 |     53 |    535 |   1114 |   3 |  697.7 |
               +--------+--------+--------+--------+--------+-----+--------+

Top non-repeatable levels by time:
     D:2: 1156 daAuts
     D:1: 878 daAuts
     D:3: 58 daAuts
